Map: Inside and Out

Players

Scarlett - Winner!

  • Race: Zerg Zerg
  • Spawn Location: 1:00

DRG

  • Race: Zerg Zerg
  • Spawn Location: 7:00

Event: DreamHack SC2 Masters 2022 Atlanta (Offline)

VOD

Have the link to the VOD?

Description

Time

  • Played on: Nov. 18, 2022, 5:08 p.m.
  • Length: 7:11

All games in this series

Show
View Real Time Build Order
Export as new Build Order

Scarlett Zerg - Winner!

Build Orders: Pool First 

Get SALT Encoding   

  12  0:00  Drone  
  13  0:12  Overlord  
  13  0:16  Drone  
  14  0:30  Drone x2  
  14  0:34  Drone  
  17  0:43  Spawning Pool  
  17  0:46  Drone  
  17  1:05  Hatchery  
  17  1:09  Extractor  
  17  1:10  Drone  
  16  1:14  Drone  
  16  1:17  Drone  
  18  1:29  Queen  
  18  1:30  Zergling x2  
  21  1:39  Overlord  
  21  1:50  Zergling x2  
  22  2:03  Zergling x2  
  22  2:05  Queen  
  25  2:19  Queen  
  28  2:22  Drone  
  28  2:23  Drone x2  
  30  2:33  Drone x2  
  32  2:37  Overlord  
  32  2:38  Drone x2  
  34  2:46  Drone  
  34  2:47  Drone  
  36  3:02  Drone  
  36  3:03  Drone  
  36  3:04  Hatchery  
  37  3:06  Drone  
  37  3:12  Drone x3  
  41  3:19  Drone x3  
  43  3:25  Evolution Chamber  
  43  3:27  Overlord  
  42  3:33  Drone x2  
  44  3:39  Drone, Roach Warren  
  44  3:40  Lair  
  43  3:51  Extractor  
  43  3:52  Zerg Missile Weapons Level 1  
  43  3:53  Drone x5  
  47  3:55  Drone  
  47  3:56  Extractor  
  47  3:57  Drone  
  47  4:01  Drone x3  
  51  4:07  Extractor  
  50  4:10  Overlord  
  50  4:13  Drone  
  51  4:20  Drone x3  
  54  4:25  Drone x3  
  54  4:28  Overlord x2  
  54  4:31  Drone x2  
  59  4:33  Drone  
  59  4:36  Glial Reconstitution  
  60  4:38  Drone  
  60  4:40  Overseer  
  60  4:42  Overlord x2  
  61  4:48  Roach  
  61  4:50  Roach x2  
  67  4:53  Overseer  
  67  4:55  Roach x3  
  77  5:00  Roach x2  
  77  5:06  Overlord  
  76  5:07  Roach x3  
  76  5:11  Roach  
  84  5:17  Roach x3  
  90  5:22  Evolution Chamber  
  90  5:24  Roach x3  
  97  5:28  Roach x2  
  97  5:34  Overlord x2  
  97  5:39  Overlord  
  97  5:51  Overlord  
  97  5:54  Roach x6  
  109  5:59  Roach  
  109  6:00  Roach  
  113  6:06  Roach x4  
  121  6:13  Roach x3  
  121  6:14  Roach  
  121  6:17  Roach x2  
  125  6:23  Roach x3  
  123  6:30  Roach x2  
  127  6:37  Drone x3  
  130  6:45  Drone x8  
  122  6:49  Drone x2  
  111  6:54  Drone  
  111  6:58  Drone  
  106  7:07  Extractor  
Show
View Real Time Build Order
Export as new Build Order

DRG Zerg 

Build Orders: Pool First 

Get SALT Encoding   

  12  0:01  Drone  
  13  0:08  Drone  
  14  0:16  Overlord  
  14  0:32  Spawning Pool  
  14  0:35  Drone  
  14  0:40  Drone  
  15  0:44  Drone  
  15  0:47  Drone  
  17  1:08  Hatchery  
  16  1:19  Zergling x6  
  19  1:27  Queen  
  21  1:33  Overlord  
  21  1:42  Drone  
  22  1:52  Drone  
  23  2:02  Drone  
  23  2:03  Queen  
  26  2:16  Drone  
  26  2:20  Queen  
  26  2:21  Drone  
  30  2:26  Drone  
  31  2:30  Overlord  
  31  2:35  Drone x3  
  34  2:39  Queen  
  36  2:46  Overlord  
  36  2:50  Drone  
  37  2:52  Drone  
  38  3:01  Drone  
  38  3:03  Drone  
  40  3:10  Drone x4  
  40  3:11  Drone  
  44  3:13  Drone x2  
  44  3:14  Extractor  
  44  3:16  Overlord  
  44  3:17  Extractor  
  44  3:22  Overlord  
  44  3:27  Overlord  
  44  3:36  Drone  
  44  3:38  Drone  
  44  3:40  Drone x3  
  49  3:43  Drone  
  50  3:50  Drone x2  
  50  3:55  Drone x3, Hatchery  
  55  3:59  Metabolic Boost  
  55  4:01  Evolution Chamber  
  53  4:06  Roach Warren  
  52  4:10  Zergling x6  
  52  4:14  Overlord  
  55  4:18  Zergling x6  
  58  4:25  Overlord  
  58  4:28  Overlord  
  58  4:29  Zerg Ground Armor Level 1  
  58  4:30  Zergling x4  
  60  4:36  Zergling x2  
  61  4:39  Overlord  
  61  4:41  Zergling x8  
  65  4:50  Overlord  
  65  5:13  Roach x7  
  79  5:15  Overlord  
  79  5:20  Zergling x6  
  81  5:28  Lair  
  81  5:31  Drone  
  81  5:32  Drone x5  
  85  5:40  Overlord  
  87  5:42  Roach  
  87  5:43  Roach  
  87  5:46  Overlord  
  87  5:48  Roach x2  
  90  5:54  Roach x4  
  90  5:56  Overlord  
  97  5:59  Overlord  
  97  6:02  Extractor x2  
  97  6:04  Roach  
  97  6:05  Overlord  
  97  6:07  Roach x2  
  97  6:08  Zergling x2  
  102  6:15  Zergling x6  
  95  6:22  Roach x3  
  95  6:26  Drone x3  
  95  6:28  Queen  
  100  6:33  Roach  
  100  6:35  Queen  
  105  6:41  Zergling x4  
  105  6:45  Zergling x8  
  94  6:49  Zergling x4  
Tags
 
Add a new tag
Caveats
  • Supply blocks, unpowered buildings, or Contaminate may cause inaccurate times.
  • Supply counts are checked every 10 seconds.